 Dungeon Crawl Stone Soup version 0.23.0 (webtiles) character file.

Game seed: 1340329398985066279

237682 LostNumber the Warrior (level 18, 0/159 HPs)
             Began as a Demonspawn Abyssal Knight on Feb 11, 2019.
             Was a High Priest of Lugonu.
             Shot with an arrow by a deep elf archer (12 damage)
             ... led by an ironheart preserver
             ... on level 1 of the Vaults.
             The game lasted 01:45:07 (55842 turns).

LostNumber the Warrior (Demonspawn Abyssal Knight) Turns: 55842, Time: 01:45:08

Health: 0/159      AC: 19    Str: 20    XL:     18   Next: 97%
Magic:  0/50       EV: 14    Int: 22    God:    Lugonu [*****.]
Gold:   2356       SH: 10    Dex: 12    Spells: 16/38 levels left

rFire    . . .     SeeInvis +   X - +2 demon trident "Pidav" {flame, +Inv MR+ MP+9}
rCold    + . .     Gourm    .   m - +0 buckler
rNeg     + . .     Faith    .   a - +0 swamp dragon scales
rPois    +         Spirit   +   h - +2 helmet {SInv}
rElec    +         Reflect  +   S - +0 cloak
rCorr    .         Harm     .   y - +0 pair of gloves
MR       +++..                  (boots unavailable)
Stlth    ..........             C - amulet "Rafakeix" {Reflect rElec Str-2 Int+5 SH+3}
HPRegen  0.36/turn              Y - ring "Huemp" {MP+9 AC+2 Str+4}
MPRegen  0.64/turn              l - ring of protection from magic

@: lethally poisoned (0 -> -1)
A: hooves 3, yellow scales 2, cold resistance 1, negative energy resistance 1,
magic shield, magic regeneration, magic link
}: 1/15 runes: barnacled
a: Depart the Abyss, Bend Space, Banish, Corrupt, Enter the Abyss, Renounce
Religion, Evoke Invisibility


You were on level 1 of the Vaults.
You worshipped Lugonu.
Lugonu was extremely pleased with you.
You were not hungry.

You visited 6 branches of the dungeon, and saw 32 of its levels.
You visited the Abyss 2 times.
You also visited: Bailey.

You collected 3932 gold pieces.
You spent 1576 gold pieces at shops.

Inventory:

Hand Weapons
 X - the +2 demon trident "Pidav" (weapon) {flame, +Inv MR+ MP+9}
   (You acquired it on level 15 of the Dungeon)

   It has been specially enchanted to burn those struck by it, causing extra
   injury to most foes and up to half again as much damage against particularly
   susceptible opponents.
   It affects your resistance to hostile enchantments.
   It affects your magic capacity (+9).
   It lets you turn invisible.
Missiles
 H - 5 throwing nets (quivered) {!f}
Armour
 a - +0 swamp dragon scales (worn)
   (You found it on level 6 of the Lair of Beasts)
 h - a +2 helmet of see invisible (worn)
   (You found it on level 13 of the Dungeon)
 k - +0 fire dragon scales
   (You found it on level 6 of the Lair of Beasts)
 m - a +0 buckler (worn)
   (You found it on level 1 of the Dungeon)
 y - a +0 pair of gloves (worn)
   (You found it on level 6 of the Lair of Beasts)
 S - a +0 cloak (worn)
   (You found it on level 4 of the Lair of Beasts)
Jewellery
 i - an uncursed ring of protection from fire
   (You found it on level 12 of the Dungeon)
 l - a ring of protection from magic (right hand)
   (You found it on level 4 of the Lair of Beasts)
 C - the amulet "Rafakeix" (around neck) {Reflect rElec Str-2 Int+5 SH+3}
   (You found it on level 5 of the Dungeon)

   [amulet of reflection]

   It shields you and reflects attacks.
   It affects your strength (-2).
   It affects your intelligence (+5).
   It insulates you from electricity.
   It affects your SH (+3).
 F - a +3 ring of evasion
   (You found it on level 1 of the Lair of Beasts)
 Y - the ring "Huemp" (left hand) {MP+9 AC+2 Str+4}
   (You found it on level 2 of the Spider Nest)

   [ring of protection]

   It affects your AC (+2).
   It affects your strength (+4).
   It affects your magic capacity (+9).
Wands
 c - a wand of disintegration (51)
   (You found it on level 4 of the Lair of Beasts)
 d - a wand of iceblast (1)
   (You found it on level 1 of the Lair of Beasts)
 t - a wand of flame (27)
   (You found it on level 12 of the Dungeon)
 v - a wand of digging (6)
   (You found it on level 4 of the Lair of Beasts)
 x - a wand of acid (5)
   (You bought it in a shop on level 2 of the Orcish Mines)
 B - a wand of polymorph (13)
   (You found it on level 5 of the Dungeon)
 Q - a wand of enslavement (4)
   (You found it on level 3 of the Shoals)
Scrolls
 g - a scroll of magic mapping
 o - 2 scrolls of fog
 p - 5 scrolls of enchant armour
 q - 8 scrolls of enchant weapon
 r - 7 scrolls of remove curse {@r2}
 D - 2 scrolls of fear
 E - 2 scrolls of blinking
 G - 2 scrolls of identify {@r1}
 I - 4 scrolls of amnesia
 L - a scroll of silence
 U - 6 scrolls of teleportation {@r4}
Potions
 f - 5 potions of haste {@q3}
 j - 2 potions of invisibility
 n - 7 potions of curing {@q1}
 s - 2 potions of might
 u - 2 potions of resistance
 w - a potion of magic
 z - 2 potions of brilliance
 A - 2 potions of ambrosia
 O - 5 potions of flight
 P - 3 potions of lignification {!q}
 R - 6 potions of cancellation
 T - 2 potions of heal wounds {@q2}
Comestibles
 e - 40 rations {!d}


   Skills:
 + Level 18.9 Fighting
   Level 4.7 Maces & Flails
 - Level 14.0 Polearms
 - Level 6.0 Armour
 + Level 6.1 Dodging
 + Level 11.5 Shields
 * Level 10.8 Spellcasting
 - Level 12.0 Necromancy
 - Level 7.0 Earth Magic
 - Level 16.0 Invocations


You had 16 spell levels left.
You knew the following spells:

 Your Spells              Type           Power        Failure   Level  Hunger
b - Blink                 Tloc           N/A          13%         2    None
d - Dispel Undead         Necr           ######..     1%          5    ####...
e - Regeneration          Chrm/Necr      #####.....   2%          3    None
f - Borgnjor's Vile Clut  Necr/Erth      ######....   4%          5    ####...
t - Spectral Weapon       Hex/Chrm       ##......     26%         3    None
u - Animate Dead          Necr           N/A          1%          4    #......

Your spell library contained the following spells:

 Spells                   Type           Power        Failure   Level  Hunger
 Animate Skeleton         Necr           N/A          1%          1    None
 Pain                     Necr           ####         1%          1    None
 Sandblast                Erth           #####.       1%          1    None
 Corpse Rot               Necr           N/A          1%          2    None
 Sublimation of Blood     Necr           ######....   1%          2    None
 Vampiric Draining        Necr           ######....   1%          3    None
 Agony                    Necr           ######..     1%          5    ####...
 Passwall                 Tmut/Erth      ####....     3%          2    None
 Stone Arrow              Conj/Erth      ####..       6%          3    None
 Apportation              Tloc           ##....       9%          1    None
 Beastly Appendage        Tmut           ##....       9%          1    None
 Flame Tongue             Conj/Fire      ##...        9%          1    None
 Freeze                   Ice            ##..         9%          1    None
 Infusion                 Chrm           ##..         9%          1    None
 Magic Dart               Conj           ##..         9%          1    None
 Shock                    Conj/Air       ##..         9%          1    None
 Summon Butterflies       Summ           ##......     9%          1    None
 Call Imp                 Summ           ##......     13%         2    None
 Ensorcelled Hibernation  Hex/Ice        ##....       13%         2    None
 Shroud of Golubria       Chrm/Tloc      ##........   13%         2    None
 Slow                     Hex            ##......     13%         2    None
 Song of Slaying          Chrm           ##......     13%         2    None
 Sticks to Snakes         Tmut           ##......     13%         2    None
 Swiftness                Chrm/Air       ##......     13%         2    None
 Throw Flame              Conj/Fire      ##....       13%         2    None
 Throw Frost              Conj/Ice       ##....       13%         2    None
 Lee's Rapid Deconstruct  Erth           #####.....   14%         5    ####...
 Petrify                  Tmut/Erth      ####....     21%         4    #......
 Bolt of Draining         Conj/Necr      #####.....   21%         5    ####...
 Excruciating Wounds      Chrm/Necr      #####.....   21%         5    ####...
 Conjure Flame            Conj/Fire      ##......     26%         3    None
 Ignite Poison            Fire/Tmut/Pois ##......     26%         3    None
 Inner Flame              Hex/Fire       ##......     26%         3    None
 Lesser Beckoning         Tloc           ##........   26%         3    None
 Mephitic Cloud           Conj/Pois/Air  ##......     26%         3    None
 Ozocubu's Armour         Chrm/Ice       ##......     26%         3    None
 Spider Form              Tmut/Pois      ##........   26%         3    None
 Static Discharge         Conj/Air       ##......     26%         3    None
 Tukima's Dance           Hex            ##......     26%         3    None
 Airstrike                Air            ##........   65%         4    #......
 Cause Fear               Hex            ##........   65%         4    #......
 Ice Form                 Ice/Tmut       ##......     65%         4    #......
 Sticky Flame             Conj/Fire      ##......     65%         4    #......
 Summon Ice Beast         Ice/Summ       ##......     65%         4    #......
 Throw Icicle             Conj/Ice       ##......     65%         4    #......
 Alistair's Intoxication  Tmut/Pois      ##......     94%         5    ####...
 Blade Hands              Tmut           ##........   94%         5    ####...
 Fireball                 Conj/Fire      ##........   94%         5    ####...
 Lightning Bolt           Conj/Air       ##........   94%         5    ####...
 Silence                  Hex/Air        ##........   94%         5    ####...
 Yara's Violent Unravell  Hex/Tmut       ##........   94%         5    ####...
 Bolt of Fire             Conj/Fire      ##........   100%        6    ######.
 Darkness                 Hex            ##........   100%        6    ######.
 Deflect Missiles         Chrm/Air       ##........   100%        6    ######.
 Invisibility             Hex            ##......     100%        6    ######.
 Shadow Creatures         Summ           N/A          100%        6    ######.
 Ring of Flames           Chrm/Fire      ##........   100%        7    #######
 Discord                  Hex            ##........   100%        8    #######
 Ignition                 Fire           ##........   100%        8    #######


Dungeon Overview and Level Annotations

Branches:
Dungeon (15/15)            Temple (0/1) D:5            Lair (6/6) D:9
 Shoals (4/4) Lair:4       Spider (4/4) Lair:2        Slime (0/5) Lair:6
    Orc (2/2) D:12            Elf (0/3) Orc:2        Vaults (1/5) D:14
 Depths (0/5) D:15

Altars:
Ashenzari
Cheibriados
Elyvilon
Fedhas
Hepliaklqana
Nemelex Xobeh
Qazlal
Sif Muna
Uskayaw
Xom
Yredelemnul
Beogh

Shops:
D:9 :   Orc:2 }([?   Vaults:1 !

Portals:
Trove: D:13 (give 12 potions of heal wounds)

Annotations:
D:3 3 runed translucent doors, Baz's ghost, amateur HuTm; Rosaphim's ghost, amateur SpMo; Seven's ghost, amateur FeEn; Somebody's ghost, amateur DrBe; TheNamelessOne's ghost, amateur OpAs
D:5 3 runed translucent doors, Bitard's ghost, novice MiBe
D:12 2 runed translucent doors, exclusion: orange crystal statue
D:13 3 runed translucent doors, Pazeit's ghost, adept KoBe; hofbold's ghost, adept FoMo
Lair:1 2 transporters
Lair:4 exclusion: 5 oklob plants
Shoals:2 corrupted
Shoals:3 Roxanne
Shoals:4 corrupted
Spider:2 corrupted


Innate Abilities, Weirdness & Mutations

You have hooves in place of feet.
You are mostly covered in yellow scales. (AC +3)
Your flesh is cold resistant. (rC+)
You resist negative energy. (rN+)
When hurt, damage is shared between your health and your magic reserves.
You regenerate magic rapidly.
When low on magic, you restore magic in place of health.


Message History

Decaying hands burst forth from the earth!
Zombie hands grab the deep elf annihilator.
You are starving!
The zombie hands constrict the deep elf knight!
The zombie hands constrict the deep elf annihilator.
The zombie hands constrict the deep elf mage!
You kill the deep elf mage!
Lugonu accepts your kill.
The zombie hands release their grip on the deep elf knight.
The deep elf archer shoots an arrow.
You reflect the arrow off an invisible shield around you!
The arrow hits the ironheart preserver!!
The ironheart preserver dies!
The deep elf knight hits you but does no damage.
The deep elf annihilator struggles to escape constriction.
Unknown command.
You don't have the energy to cast that spell.
You barely miss the deep elf knight.
The zombie hands constrict the deep elf annihilator!
You feel sick.
The deep elf archer blinks!
The deep elf knight casts a spell at you.
The shard of ice hits you!! You partially resist.
* * * LOW HITPOINT WARNING * * *
You hit the deep elf knight. You burn the deep elf knight.
You kill the deep elf knight!
Lugonu accepts your kill.
The zombie hands constrict the deep elf annihilator.
You block the deep elf knight's attack.
The deep elf annihilator struggles to escape constriction.
Unknown command.
You barely miss the deep elf knight. Your kick misses the deep elf knight.
The zombie hands constrict the deep elf annihilator!
You closely miss the deep elf knight.
The zombie hands constrict the deep elf annihilator.
The deep elf knight gestures at you while chanting.
The shard of ice hits you!! You partially resist.
* * * LOW HITPOINT WARNING * * *
The deep elf annihilator points at you and mumbles some strange words.
The iron shot hits you!!!
* * * LOW HITPOINT WARNING * * *
You feel much better.
The zombie hands constrict the deep elf annihilator.
You kill the deep elf annihilator!
Lugonu accepts your kill.
You feel sick. You block the deep elf knight's attack.
You eat one of the 41 rations {!d}.
That ration really hit the spot!
The deep elf knight hits you with a +0 scimitar!
* * * LOW HITPOINT WARNING * * *
The deep elf archer shoots an arrow.
The arrow hits you!
You die...

#...#...#
#....#..#
#.....#.#
#.......#
#######'#
#....).#
#......#
#......#
#....@.#
#.>.(..#
#.ee)..#
#......#
#......#
#......#
#......#
#......#
#......#


You could see a deep elf archer and a deep elf knight.

Vanquished Creatures
  Polyphemus (Shoals:2)
  Agnes (D:14)
  Ilsuiw (Shoals:2)
  A fire giant (D:15)
  A ghost moth (Spider:3)
  2 orc warlords
  Louise (D:14)
  3 vault wardens (Vaults:1)
  An emperor scorpion (Spider:1)
  An ironheart preserver (Vaults:1)
  A stone giant (Vaults:1)
  A deep elf annihilator (Vaults:1)
  Azrael (D:13)
  3 fire dragons
  An ettin (Vaults:1)
  7 merfolk impalers
  6 vault guards
  Erolcha (D:9)
  4 hydras
  2 catoblepae
  2 merfolk aquamancers
  2 centaur warriors
  8 two-headed ogres
  4 ogre magi
  11 death yaks
  4 satyrs
  An orc high priest (D:15)
  4 deep elf knights
  3 skeletal warriors (D:13)
  4 unseen horrors
  A flayed ghost (Vaults:1)
  8 sea snakes
  A swamp dragon (Lair:6)
  A wizard (Vaults:1)
  An ironbrand convoker (Vaults:1)
  2 deep elf archers (Vaults:1)
  17 harpies
  25 fauns
  5 orc knights
  18 wolf spiders
  A necromancer (Vaults:1)
  2 wolf spider zombies (D:15)
  6 deep elf magi
  11 orb spiders
  A faun (shapeshifter) (D:13)
  2 orc sorcerers (Orc:2)
  19 ugly things
  13 cyclopes
  12 manticores
  2 elephants (Lair:6)
  3 moths of wrath
  4 vault sentinels (Vaults:1)
  15 merfolk sirens
  6 black mambas
  7 spiny frogs
  2 centaur skeletons
  5 water nymphs
  4 rime drakes (Lair:6)
  10 demonic crawlers
  6 yaktaurs (Vaults:1)
  A yaktaur skeleton (Vaults:1)
  3 kobold demonologists
  2 freezing wraiths
  A redback zombie (D:14)
  A tengu conjurer (D:14)
  5 komodo dragons
  A jumping spider (shapeshifter) (D:14)
  A polar bear (Lair:5)
  A polar bear (shapeshifter) (Vaults:1)
  3 meliai (D:15)
  16 jumping spiders
  25 merfolk
  8 trolls
  4 hornets
  2 wind drakes
  4 hippogriffs
  7 snapping turtles
  12 dream sheep
  34 blink frogs
  14 slime creatures
  A stone giant simulacrum (Vaults:1)
  36 redbacks
  10 water elementals
  2 vampires
  20 tarantellas
  A yak (shapeshifter) (D:15)
  A human (D:14)
  50 yaks
  4 wyverns
  5 basilisks
  5 fire bats (Lair:1)
  4 fire elementals
  A hungry ghost (D:14)
  Grum (Lair:1)
  3 vampire mosquitoes
  2 human simulacra (Vaults:1)
  3 steam dragons
  A yaktaur simulacrum (Vaults:1)
  4 wargs
  An acid dragon (D:11)
  A soldier ant (D:12)
  3 hell hounds (D:13)
  15 water moccasins
  An ogre skeleton (Vaults:1)
  A swamp drake (Lair:6)
  9 porcupines
  5 sky beasts
  30 orc warriors
  Purgy (Abyss:1)
  3 black bears
  5 ice beasts
  2 phantoms
  8 wolves
  13 ogres
  A boggart (Vaults:1)
  8 centaurs
  12 crocodiles
  A human skeleton (Vaults:1)
  16 bullfrogs
  3 big kobolds
  A glowing shapeshifter simulacrum (Vaults:1)
  2 wyvern zombies
  2 wyvern skeletons
  11 scorpions
  14 killer bees
  An electric eel (Lair:6)
  16 wights
  3 howler monkeys (D:11)
  6 crimson imps
  4 bullfrog zombies
  A quasit (D:6)
  3 centaur zombies
  10 hounds
  3 lava snakes
  3 jellies
  29 orc wizards
  A gnoll shaman (D:6)
  2 bullfrog skeletons
  28 orc priests
  5 iguanas
  Natasha (thrice) (D:3)
  8 worker ants
  15 gnolls
  15 adders
  A howler monkey skeleton (D:6)
  4 shadow imps
  An ooze (D:3)
  3 adder skeletons
  An adder zombie (D:5)
  A worm (D:5)
  3 leopard geckos
  137 orcs
  17 bats
  4 giant cockroaches
  15 hobgoblins
  13 jackals
  5 quokkas
  5 ball pythons
  6 frilled lizards
  A giant cockroach zombie (D:6)
  12 goblins
  24 kobolds
  2 leopard gecko skeletons
  3 quokka skeletons
  6 rats
  4 plants
1185 creatures vanquished.

Vanquished Creatures (collateral kills)
  A merfolk javelineer (Shoals:3)
  A merfolk (Shoals:3)
  A dream sheep (Shoals:3)
3 creatures vanquished.

Vanquished Creatures (others)
  An emperor scorpion (Spider:2)
  An ironheart preserver (Vaults:1)
  2 slime creatures (Vaults:1)
  A spark wasp (Spider:3)
  A merfolk impaler (Shoals:4)
  2 merfolk javelineers
  2 hydras
  A merfolk avatar (Shoals:4)
  A two-headed ogre (D:5)
  4 merfolk aquamancers
  A satyr (Shoals:2)
  An orc high priest (Orc:2)
  3 alligator snapping turtles
  2 sea snakes (Shoals:2)
  An orc knight (Bailey)
  An orb spider (Spider:2)
  3 harpies (Shoals:2)
  2 oklob plants (Shoals:3)
  8 fauns
  5 wolf spiders
  A cyclops (D:12)
  A manticore (Shoals:2)
  A merfolk siren (Shoals:4)
  2 black mambas
  A torpor snail (Lair:4)
  2 spiny frogs
  A kobold demonologist (D:7)
  2 yaktaurs (Vaults:1)
  2 demonic crawlers (Spider:2)
  5 jumping spiders
  7 merfolk
  2 blink frogs (Lair:5)
  A hornet (D:9)
  3 snapping turtles
  2 tarantellas (Spider:2)
  2 redbacks
  A spriggan (D:7)
  5 water elementals
  A yak (D:9)
  A hungry ghost (D:8)
  7 orc warriors
  2 centaurs
  A killer bee (D:7)
  A jelly (D:6)
  An orc wizard (D:5)
  4 orcs (Bailey)
  A goblin (D:13)
  A kobold (D:13)
  11 fungi
  70 plants
  20 starspawn tentacles
205 creatures vanquished.

Grand Total: 1393 creatures vanquished

Notes
Turn   | Place    | Note
-------+----------+-------------------------------------------
     0 | Abyss:1  | LostNumber the Demonspawn Abyssal Knight began the quest
                  | for the Orb.
     0 | Abyss:1  | Reached XP level 1. HP: 18/18 MP: 2/2
    40 | Abyss:1  | Noticed a titan skeleton
    41 | D:1      | Escaped the Abyss
   392 | D:1      | Gained mutation: You have large cloven feet. [demonic
                  | ancestry]
   392 | D:1      | Reached XP level 2. HP: 21/24 MP: 4/4
   396 | D:1      | Reached * piety under Lugonu
  1216 | D:1      | Gained mutation: You are partially covered in yellow
                  | scales. (AC +2) [demonic ancestry]
  1216 | D:1      | Reached XP level 3. HP: 18/29 MP: 5/5
  1525 | D:2      | Reached skill level 1 in Shields
  1529 | D:2      | Gained mutation: You are mostly covered in yellow scales.
                  | (AC +3) [demonic ancestry]
  1529 | D:2      | Reached XP level 4. HP: 18/35 MP: 6/6
  2402 | D:3      | Found a runed translucent gate.
  2402 | D:3      | Found a runed translucent gate.
  2402 | D:3      | Found a runed translucent gate.
  2404 | D:3      | Noticed Rosaphim's ghost (amateur SpMo)
  2404 | D:3      | Noticed Somebody's ghost (amateur DrBe)
  2405 | D:3      | Noticed Baz's ghost (amateur HuTm)
  2405 | D:3      | Noticed TheNamelessOne's ghost (amateur OpAs)
  2405 | D:3      | Noticed Seven's ghost (amateur FeEn)
  2454 | D:3      | Reached ** piety under Lugonu
  2514 | D:3      | Noticed Natasha
  2520 | D:3      | Reached XP level 5. HP: 38/42 MP: 7/7
  2524 | D:3      | Killed Natasha
  2545 | D:3      | Noticed Natasha
  2720 | D:3      | Killed Natasha
  2747 | D:3      | Noticed Natasha
  2761 | D:3      | Killed Natasha
  3174 | D:3      | Found a hazy altar of Hepliaklqana.
  3306 | D:3      | Reached skill level 4 in Fighting
  3658 | D:4      | Gained mutation: You have hoof-like feet. [demonic
                  | ancestry]
  3658 | D:4      | Reached XP level 6. HP: 44/48 MP: 9/9
  3670 | D:4      | Noticed a sky beast
  3714 | D:4      | Killed a sky beast
  4014 | D:4      | Reached skill level 5 in Invocations
  4014 | D:4      | Gained mutation: Your flesh is cold resistant. (rC+)
                  | [demonic ancestry]
  4014 | D:4      | Reached XP level 7. HP: 27/55 MP: 10/10
  4304 | D:4      | Identified the +3 robe "Imetogyn" {rF+ MR- Regen+}
  4515 | D:4      | Reached skill level 1 in Polearms
  4554 | D:4      | Reached *** piety under Lugonu
  5069 | D:4      | Noticed Purgy
  5076 | D:4      | Banished Purgy
  5076 | D:4      | Reached skill level 5 in Fighting
  5367 | D:5      | Entered Level 5 of the Dungeon
  5437 | D:5      | Noticed a two-headed ogre
  5448 | D:5      | Banished a two-headed ogre
  5448 | D:5      | Reached XP level 8. HP: 32/62 MP: 4/12
  5557 | D:5      | Found a runed translucent gate.
  5558 | D:5      | Found a runed translucent gate.
  5559 | D:5      | Found a runed translucent gate.
  5586 | D:5      | Noticed Bitard's ghost (novice MiBe)
  5633 | D:5      | Found a staircase to the Ecumenical Temple.
  5899 | D:5      | Got a scorched diamond amulet
  6479 | D:5      | Found a stormy altar of Qazlal.
  6587 | D:6      | Identified the amulet "Rafakeix" {Reflect rElec Str-2 Int+5
                  | SH+3} (You found it on level 5 of the Dungeon)
  6722 | D:6      | Reached skill level 6 in Fighting
  6726 | D:6      | Reached skill level 5 in Polearms
  7209 | D:6      | Found a white marble altar of Elyvilon.
  7228 | D:6      | Gained mutation: You have hooves in place of feet. [demonic
                  | ancestry]
  7228 | D:6      | Reached XP level 9. HP: 49/69 MP: 14/14
  7694 | D:7      | Reached **** piety under Lugonu
  8274 | D:7      | Reached skill level 7 in Fighting
  8766 | D:8      | Noticed a kobold demonologist
  8817 | D:7      | Banished a kobold demonologist
  8856 | D:7      | Reached XP level 10. HP: 34/79 MP: 11/16
  9256 | D:8      | Reached skill level 8 in Fighting
  9349 | D:8      | Found a blossoming altar of Fedhas.
  9355 | D:8      | Found a deep blue altar of Sif Muna.
  9355 | D:8      | Found a sparkling altar of Nemelex Xobeh.
  9368 | D:8      | Found a hide-covered altar of Uskayaw.
  9372 | D:8      | Found a basalt altar of Yredelemnul.
  9433 | D:8      | Noticed a cyclops
  9444 | D:8      | Killed a cyclops
  9657 | D:8      | Reached skill level 10 in Invocations
  9970 | D:9      | Reached skill level 9 in Fighting
 10115 | D:9      | Found a shattered altar of Ashenzari.
 10115 | D:9      | Found a shimmering altar of Xom.
 10175 | D:9      | Found Wyskiy's Book Emporium.
 10562 | D:9      | Reached ***** piety under Lugonu
 10643 | D:9      | Noticed Erolcha
 10656 | D:9      | Killed Erolcha
 10656 | D:9      | Reached skill level 10 in Fighting
 10656 | D:9      | Reached XP level 11. HP: 90/90 MP: 19/19
 10929 | D:9      | Reached skill level 1 in Dodging
 10998 | D:9      | Found a staircase to the Lair.
 11058 | Lair:1   | Entered Level 1 of the Lair of Beasts
 11293 | D:9      | Reached skill level 10 in Polearms
 11911 | Lair:1   | Found a transporter.
 11911 | Lair:1   | Noticed Grum
 11993 | Lair:1   | Found a transporter.
 12067 | Lair:1   | Killed Grum
 12757 | Lair:2   | Found a hole to the Spider Nest.
 12757 | Lair:2   | Noticed a wolf spider
 12765 | Lair:2   | Banished a wolf spider
 12779 | Lair:2   | Reached skill level 11 in Fighting
 13570 | Lair:3   | Gained mutation: When hurt, damage is shared between your
                  | health and your magic reserves. [demonic ancestry]
 13570 | Lair:3   | Reached XP level 12. HP: 69/100 MP: 20/20
 14054 | Lair:4   | Found a staircase to the Shoals.
 14489 | Lair:4   | Reached skill level 12 in Fighting
 14781 | Lair:4   | Noticed a six-headed hydra
 14782 | Lair:4   | Banished a six-headed hydra
 14782 | Lair:4   | Reached skill level 5 in Armour
 15389 | Lair:5   | Reached skill level 5 in Dodging
 16238 | Lair:6   | Entered Level 6 of the Lair of Beasts
 16297 | Lair:6   | Found a staircase to the Slime Pits.
 16304 | Lair:6   | Noticed a six-headed hydra
 16321 | Lair:6   | Killed a six-headed hydra
 16321 | Lair:6   | Gained mutation: You regenerate magic rapidly. [demonic
                  | ancestry]
 16321 | Lair:6   | Reached XP level 13. HP: 84/109 MP: 15/22
 16875 | Lair:6   | Noticed a dire elephant
 17206 | Lair:6   | Reached skill level 13 in Fighting
 17437 | Lair:6   | Got a faintly humming large shield
 18407 | Lair:6   | Noticed a fire dragon
 18420 | Lair:6   | Killed a fire dragon
 18613 | Lair:6   | Got a clouded lead amulet
 19808 | Lair:6   | Banished a dire elephant
 20190 | Lair:6   | Reached skill level 5 in Shields
 21441 | D:10     | Entered Level 10 of the Dungeon
 21481 | D:10     | Found a snail-covered altar of Cheibriados.
 21760 | D:10     | Identified the cursed +0 large shield of Weit {rPois rC+
                  | rCorr Dex-3} (You found it on level 6 of the Lair of
                  | Beasts)
 21901 | D:10     | Reached skill level 14 in Fighting
 22250 | D:11     | Gained mutation: You resist negative energy. (rN+) [demonic
                  | ancestry]
 22250 | D:11     | Reached XP level 14. HP: 106/120 MP: 20/24
 22293 | D:11     | Identified a scroll of acquirement
 22802 | D:11     | You fall through a shaft!
 23102 | D:12     | Found a runed translucent door.
 23121 | D:12     | Found the +10 large shield of Ignorance {rN+ Int-4}
 23136 | D:12     | Found a runed translucent door.
 23378 | D:12     | Noticed Sonja
 23383 | D:12     | Noticed Sonja
 23383 | D:12     | Sonja changed into Sonja the blink frog
 23392 | D:12     | Killed Sonja the blink frog
 23491 | D:12     | Found a staircase to the Orcish Mines.
 23871 | D:13     | Noticed Azrael
 23915 | D:13     | Killed Azrael
 23941 | D:13     | Found a flagged portal.
 23947 | D:13     | Identified the amulet of Gewir {Faith rF+ Str+4} (You found
                  | it on level 6 of the Lair of Beasts)
 23952 | Bailey   | Entered a bailey
 24340 | Bailey   | Corrupted Bailey
 24340 | Bailey   | Noticed a tentacled starspawn
 24353 | Bailey   | Noticed a tentacled starspawn
 24551 | D:13     | Found a portal to a secret trove of treasure.
 24576 | D:13     | Found a runed translucent gate.
 24576 | D:13     | Found a runed translucent gate.
 24576 | D:13     | Found a runed translucent gate.
 24576 | D:13     | Noticed hofbold's ghost (adept FoMo)
 24577 | D:13     | Noticed Pazeit's ghost (adept KoBe)
 25731 | D:13     | Reached skill level 15 in Invocations
 25867 | D:13     | Reached skill level 15 in Fighting
 26082 | D:9      | Bought a book of Dreams for 825 gold pieces
 26088 | D:9      | Learned a level 5 spell: Borgnjor's Vile Clutch
 26450 | D:14     | Noticed Louise
 26510 | Orc:1    | Entered Level 1 of the Orcish Mines
 26570 | Orc:1    | Noticed an orc warlord
 26810 | D:12     | Killed an orc warlord
 27473 | Orc:2    | Entered Level 2 of the Orcish Mines
 27569 | Orc:2    | Found a shimmering altar of Xom.
 27601 | Orc:2    | Found a staircase to the Elven Halls.
 27675 | Orc:2    | Found a roughly hewn altar of Beogh.
 27693 | Orc:2    | Found Qaoleh's Magic Scroll Emporium.
 27896 | Orc:2    | Noticed an orc warlord
 27951 | Orc:2    | Killed an orc warlord
 28219 | Orc:2    | Found a roughly hewn altar of Beogh.
 28280 | Orc:2    | Found a roughly hewn altar of Beogh.
 28290 | Orc:2    | Found a roughly hewn altar of Beogh.
 28395 | Orc:2    | Found a roughly hewn altar of Beogh.
 28466 | Orc:2    | Found a roughly hewn altar of Beogh.
 28480 | Orc:2    | Reached ****** piety under Lugonu
 28493 | Orc:2    | Found Couch's Gadget Shop.
 28502 | Orc:2    | Bought a wand of acid (7) for 352 gold pieces
 28685 | Orc:2    | Found a roughly hewn altar of Beogh.
 28685 | Orc:2    | Found Edeu's Antique Weapon Shop.
 28691 | Orc:2    | Found Vinex's Antique Armour Boutique.
 29315 | Shoals:1 | Entered Level 1 of the Shoals
 29335 | Shoals:1 | Reached XP level 15. HP: 93/129 MP: 22/27
 29347 | Shoals:1 | Reached skill level 1 in Necromancy
 29781 | Shoals:1 | Got a sheer robe
 29815 | Shoals:1 | Reached skill level 1 in Earth Magic
 29851 | Shoals:1 | Reached skill level 1 in Spellcasting
 31217 | Shoals:2 | Noticed Ilsuiw
 31949 | Shoals:2 | Reached skill level 5 in Necromancy
 31949 | Shoals:2 | Reached XP level 16. HP: 138/138 MP: 28/28
 32069 | Shoals:2 | Killed Ilsuiw
 32102 | Shoals:2 | Reached skill level 16 in Fighting
 33287 | Abyss:1  | Killed Purgy
 33288 | Shoals:2 | Escaped the Abyss
 33289 | Shoals:2 | Corrupted Shoals:2
 33289 | Shoals:2 | Noticed a tentacled starspawn
 33289 | Shoals:2 | Noticed a tentacled starspawn
 33291 | Shoals:2 | Noticed a tentacled starspawn
 33299 | Shoals:2 | Noticed a tentacled starspawn
 33940 | Shoals:3 | Noticed Roxanne
 34288 | Shoals:3 | Noticed Polyphemus
 35720 | Shoals:2 | Killed Polyphemus
 36857 | Shoals:3 | Reached skill level 5 in Earth Magic
 36873 | Shoals:3 | Reached skill level 5 in Spellcasting
 37299 | Shoals:3 | Reached XP level 17. HP: 36/146 MP: 7/29
 37824 | Shoals:4 | Entered Level 4 of the Shoals
 39463 | Shoals:4 | Reached skill level 17 in Fighting
 40309 | Shoals:4 | Reached skill level 10 in Necromancy
 40595 | Shoals:4 | Corrupted Shoals:4
 40595 | Shoals:4 | Noticed a tentacled monstrosity
 40600 | Shoals:4 | Identified the ring "Xyl Din" {rElec rPois rF- Dex+3 SInv}
 42165 | Shoals:4 | Got a barnacled rune of Zot
 42565 | Spider:1 | Entered Level 1 of the Spider Nest
 45227 | Spider:2 | Got a fine turquoise ring
 45381 | Spider:2 | Corrupted Spider:2
 45409 | Spider:2 | Noticed a bone dragon
 47657 | Spider:3 | Reached skill level 10 in Shields
 47809 | Spider:2 | Paralysed by a hornet for 2 turns
 47962 | Spider:1 | HP: 6/149 [demonic crawler (4)]
 47969 | Spider:1 | HP: 7/149 [poisoned by a wolf spider]
 47972 | Spider:1 | HP: 3/149 [demonic crawler (3)]
 47973 | Spider:1 | HP: 1/149 [demonic crawler (2)]
 49349 | Spider:3 | Learned a level 4 spell: Animate Dead
 49355 | Spider:3 | Learned a level 5 spell: Dispel Undead
 49359 | Spider:3 | Learned a level 3 spell: Regeneration
 49362 | Spider:3 | Learned a level 2 spell: Blink
 49366 | Spider:3 | Learned a level 3 spell: Spectral Weapon
 49749 | Spider:4 | Entered Level 4 of the Spider Nest
 50403 | D:14     | Killed Louise
 50403 | D:14     | Gained mutation: When low on magic, you restore magic in
                  | place of health. [demonic ancestry]
 50403 | D:14     | Reached XP level 18. HP: 156/156 MP: 21/30
 50475 | D:14     | Reached skill level 18 in Fighting
 51079 | D:14     | Found a gate to the Vaults.
 51200 | D:15     | Entered Level 15 of the Dungeon
 51205 | D:15     | Noticed Agnes
 51596 | D:14     | Killed Agnes
 52426 | D:15     | Identified the cursed +3 hunting sling of the Badger
                  | {flame, rF+}
 52447 | D:15     | Got a smoking demon trident
 52448 | D:15     | Identified the +2 demon trident "Pidav" {flame, +Inv MR+
                  | MP+9} (You acquired it on level 15 of the Dungeon)
 52452 | D:15     | Identified the ring "Huemp" {MP+9 AC+2 Str+4} (You found it
                  | on level 2 of the Spider Nest)
 52522 | D:15     | Found a staircase to the Depths.
 53163 | Vaults:1 | Entered Level 1 of the Vaults
 53333 | Vaults:1 | Found Iggije's Distillery.
 53341 | Vaults:1 | Bought a potion of heal wounds for 105 gold pieces
 53341 | Vaults:1 | Bought a potion of might for 84 gold pieces
 53359 | Vaults:1 | Bought a potion of haste for 210 gold pieces
 54073 | Vaults:1 | Reached skill level 10 in Spellcasting
 55839 | Vaults:1 | HP: 1/159 [deep elf annihilator/iron shot[an ironheart
                  | preserver] (38)]
 55842 | Vaults:1 | Shot with an arrow by a deep elf archer

Skill      XL: |  1  2  3  4  5  6  7  8  9 10 11 12 13 14 15 16 17 18 |
---------------+-------------------------------------------------------+-----
Maces & Flails | 2 3 4 |  4.7
Invocations    | 3 4 5 6 7 9 11 13 14 16 | 16.0
Shields        | 1 2 3 4 5 7 8 10 11 | 11.5
Fighting       | 4 5 6 7 10 11 12 14 15 16 17 18 | 18.9
Polearms       | 3 5 7 9 10 12 13 14 | 14.0
Dodging        | 3 5 6 |  6.1
Armour         | 3 5 6 |  6.0
Necromancy     | 5 9 12 | 12.0
Earth Magic    | 3 5 7 |  7.0
Spellcasting   | 3 5 7 10 | 10.8

Action                   |  1- 3 |  4- 6 |  7- 9 | 10-12 | 13-15 | 16-18 || total
-------------------------+-------+-------+-------+-------+-------+-------++-------
Melee: Mace              |    73 |       |       |       |       |       ||    73
       Kick              |    11 |    35 |   111 |   243 |   486 |   606 ||  1492
       Trident           |    34 |   142 |   472 |  1033 |  1956 |  2145 ||  5782
       Dagger            |       |    39 |       |       |       |       ||    39
       Demon trident     |       |       |       |       |       |   463 ||   463
Throw: Throwing net      |       |       |       |       |       |     2 ||     2
 Cast: Borgnjor's Vile C |       |       |       |       |       |    30 ||    30
       Dispel Undead     |       |       |       |       |       |     2 ||     2
Invok: Depart the Abyss  |     1 |       |       |       |       |     1 ||     2
       Banish            |       |       |    12 |    15 |    15 |    30 ||    72
       Bend Space        |       |       |     1 |       |       |     1 ||     2
       Corrupt           |       |       |       |       |     1 |     3 ||     4
       Enter the Abyss   |       |       |       |       |       |     1 ||     1
Evoke: Wand              |       |       |       |     1 |    13 |    17 ||    31
  Use: Potion            |       |       |     2 |     2 |     6 |    15 ||    25
       Scroll            |       |       |       |    14 |    18 |    14 ||    46
 Stab: Confused          |       |       |       |       |     1 |       ||     1
       Distracted        |       |       |       |       |     1 |     2 ||     3
       Petrified         |       |       |       |       |       |     5 ||     5
       Held in net/web   |       |       |       |       |       |     2 ||     2
  Eat: Chunk             |     2 |     8 |    18 |    27 |    34 |    53 ||   142
       Ration            |       |       |     1 |       |     7 |    14 ||    22
Armor: Ring mail         |    57 |   102 |     4 |       |       |       ||   163
       Robe              |       |       |   161 |   115 |    42 |       ||   318
       Swamp dragon scal |       |       |       |       |   207 |   753 ||   960
Dodge: Dodged            |    66 |   114 |   220 |   345 |   654 |  1364 ||  2763
Block: Buckler           |       |       |   152 |   258 |   311 |   921 ||  1642
       Reflection        |       |       |     5 |     1 |    42 |    79 ||   127
       Other             |       |       |       |       |    17 |       ||    17
